 Dungeon Crawl Stone Soup version 0.29-a0-409-gd843f3a48c (webtiles) character file.

Game seed: 639639757809889381

21473 Gelos the Unseen (level 13, -3/66 HPs)
             Began as a Kobold Brigand on May 14, 2022.
             Was an Initiate of Gozag.
             Slain by a red ugly thing (22 damage)
             ... on level 12 of the Dungeon.
             The game lasted 00:22:51 (14912 turns).

Gelos the Unseen (Kobold Brigand)                  Turns: 14912, Time: 00:22:54

Health: -3/66      AC:  7    Str: 10    XL:     13   Next: 20%
Magic:  13/13      EV: 29    Int: 10    God:    Gozag
Gold:   228        SH:  5    Dex: 24    Spells: 12/12 levels left

rFire   . . .      SeeInvis +   c - +4 short sword (freeze)
rCold   + . .      Faith    .   (no shield)
rNeg    . . .      Spirit   .   P - +1 robe "Texisan" {rC+ Will+++ Int-4 SInv}
rPois   +          Reflect  +   (no helmet)
rElec   .          Harm     .   R - scarf {repulsion}
rCorr   .          Rampage  .   T - +0 pair of gloves
Will    +++..                   N - +2 pair of boots {Stlth+}
Stlth   +++++++++.              O - amulet of reflection
HPRegen 0.21/turn               r - ring of poison resistance
MPRegen 0.13/turn               t - +6 ring of dexterity

@: gold aura, repel missiles
A: small, no large weapons, nightstalker 3
a: Renounce Religion, Potion Petition, Call Merchant, Bribe Branch


You were on level 12 of the Dungeon.
You worshipped Gozag.
Gozag was aware of your devotion.
You visited 2 branches of the dungeon, and saw 13 of its levels.
You also visited: Sewer.

You collected 3094 gold pieces.
You spent 1059 gold pieces at shops.
You paid 1807 gold pieces to Gozag.

Inventory:

Hand Weapons
 c - a +4 short sword of freezing (weapon)
Missiles
 d - 25 poisoned darts (quivered)
 e - 10 curare-tipped darts
 o - 4 atropa-tipped darts
 w - 2 throwing nets
Armour
 j - the +0 leather armour of the Comet {rF+}
   (You found it on level 11 of the Dungeon)

   rF:        It protects you from fire.
 C - an orb of guile
 N - a +2 pair of boots of stealth (worn)
 P - the +1 robe "Texisan" (worn) {rC+ Will+++ Int-4 SInv}
   (You bought it in a shop on level 10 of the Dungeon)

   Int:       It affects your intelligence (-4).
   rC:        It protects you from cold.
   SInv:      It lets you see invisible.
   Will:      It greatly increases your willpower.
 R - a scarf of repulsion (worn)
 T - a +0 pair of gloves (worn)
Jewellery
 k - a +4 ring of evasion
 r - a ring of poison resistance (left hand)
 t - a +6 ring of dexterity (right hand)
 D - a ring of wizardry
 O - an amulet of reflection (around neck)
 Q - a ring of see invisible
Wands
 H - a wand of iceblast (7)
 J - a wand of paralysis (12)
 S - a wand of digging (17)
 V - a wand of acid (4)
 X - a wand of mindburst (8)
 Y - a wand of polymorph (12)
 Z - a wand of flame (24)
Scrolls
 b - a scroll of torment {unknown}
 f - a scroll of poison
 h - a scroll of identify
 i - 2 scrolls of magic mapping
 l - 6 scrolls of teleportation
 q - a scroll of enchant armour
 s - 3 scrolls of fog {unknown}
 u - a scroll of brand weapon {unknown}
 y - a scroll of noise {unknown}
 B - 3 scrolls of enchant weapon
 L - 2 scrolls of acquirement {unknown}
 U - a scroll of fear
Potions
 a - 2 potions of heal wounds {unknown}
 g - 4 potions of curing
 m - 4 potions of attraction
 n - 2 potions of flight
 p - 4 potions of cancellation
 v - 3 potions of might {unknown}
 x - a potion of ambrosia {unknown}
 z - 3 potions of haste
 A - 3 potions of brilliance
 E - 2 potions of magic
 F - a potion of mutation {unknown}
 G - a potion of experience {unknown}
 I - 2 potions of berserk rage {unknown}
 K - a potion of lignification {unknown}
 M - a potion of invisibility {unknown}


   Skills:
 - Level 2.1 Fighting
 - Level 14.0 Short Blades
 - Level 2.1 Throwing
 + Level 15.3 Dodging
 + Level 18.5 Stealth


You had 12 spell levels left.
You didn't know any spells.
Your spell library was empty.

Dungeon Overview and Level Annotations

Branches:
Dungeon (12/15)            Temple (1/1) D:4            Lair (0/6) D:9
    Orc (0/2) D:11          Sewer (visited)

Altars:
Ashenzari
Cheibriados
Dithmenos
Elyvilon
Fedhas
Gozag
Hepliaklqana
Kikubaaqudgha
Makhleb
Nemelex Xobeh
Okawaru
Qazlal
Ru
Sif Muna
Trog
Uskayaw
Vehumet
Wu Jian
Xom
Yredelemnul
Zin
The Shining One

Shops:
D:5 (   D:7 ?   D:8 (   D:10 [   D:11 =


Innate Abilities, Weirdness & Mutations

You are small and have problems with some larger weapons.
You are completely attuned to the shadows.


Message History

You hit the red ugly thing. You freeze the red ugly thing.
The red ugly thing is heavily wounded.
You hit the red ugly thing. You freeze the red ugly thing.
The red ugly thing is heavily wounded.
You closely miss the red ugly thing.
The red ugly thing is heavily wounded.
You hit the red ugly thing. You freeze the red ugly thing.
The red ugly thing is heavily wounded.
The red ugly thing basks in the mutagenic energy from its kin and changes!
You puncture the green ugly thing! You freeze the green ugly thing.
The green ugly thing is severely wounded.
You hit the green ugly thing. You freeze the green ugly thing.
The green ugly thing is almost dead.
You puncture the green ugly thing! You freeze the green ugly thing.
The green ugly thing is almost dead.
You puncture the green ugly thing! You freeze the green ugly thing.
You kill the green ugly thing!
The red ugly thing attacks as you move away!
The red ugly thing headbutts you but does no damage.
The red ugly thing attacks as you move away!
The red ugly thing completely misses you.
Things that are here:
5 gold pieces; a +0 buckler; a ring of wizardry You barely miss the red ugly thing.
You hit the red ugly thing but do no damage.
The red ugly thing completely misses you.
You hit the red ugly thing. You freeze the red ugly thing.
The red ugly thing is lightly wounded.
You puncture the red ugly thing! You freeze the red ugly thing.
The red ugly thing is moderately wounded.
The red ugly thing completely misses you.
You hit the red ugly thing. You freeze the red ugly thing.
The red ugly thing is moderately wounded.
You closely miss the red ugly thing.
The red ugly thing is moderately wounded.
The red ugly thing headbutts you!
* * * LOW HITPOINT WARNING * * *
You are engulfed in flames!!
You die...
Your body crumbles into a pile of gold.

.....#
##...####
#######
####.....
......#
.....###.
##..#
.....#$
####.#.#
.....##
###..)##.#
##....#
...!..#..#
##....#
...#..#..#
##....##
##.@##..###
#......#
#.u#.....#
#......#
#..#.....#
#......#
#.$#.....#
#.....##
#$.##....#
#.....#
.#..#....#
#.....#
..(..#....#
#....##
#####
..##...#
##...#
####...####
#...#


You could see a red ugly thing.

Vanquished Creatures
  2 boulder beetles
  4 hydras
  3 centaur warriors (D:9)
  A two-headed ogre (D:9)
  2 deep elf pyromancers
  2 ugly things
  4 cyclopes
  A manticore (D:12)
  A gargoyle (D:12)
  A kobold demonologist (D:9)
  2 unseen horrors
  Psyche (D:10)
  2 tengu conjurers
  4 trolls
  A slime creature (D:12)
  Prince Ribbit (D:9)
  3 shadows
  Sigmund (D:5)
  A vampire (D:9)
  A wyvern (D:10)
  16 yaks
  3 wraiths
  A basilisk (D:12)
  5 vampire mosquitoes (D:12)
  Menkaure (D:7)
  2 two-headed ogre zombies (D:11)
  Edmund (D:5)
  An acid dragon (D:8)
  2 water moccasins
  3 orc warriors
  An ice beast (D:8)
  A sky beast (D:8)
  2 black bears (D:7)
  An ogre (D:5)
  A centaur (D:10)
  A kobold brigand (D:7)
  A phantom (D:5)
  4 bullfrogs
  A gnoll sergeant (D:11)
  5 scorpions
  4 wights (D:9)
  3 troll zombies (D:11)
  10 killer bees
  4 howler monkeys
  5 hounds
  A gnoll shaman (D:7)
  6 orc priests
  2 jellies
  6 iguanas
  Terence (D:2)
  7 orc wizards
  3 ogre zombies (D:11)
  12 gnolls
  7 adders
  11 river rats
  A shadow imp (D:5)
  2 white imps (D:6)
  3 worms
  4 dart slugs
  26 orcs
  7 endoplasms
  5 giant cockroaches
  5 goblins
  11 hobgoblins
  24 kobolds
  8 quokkas
  16 ball pythons
  7 bats
  A frilled lizard (D:1)
  A goblin skeleton (D:11)
  A goblin zombie (D:11)
  A hobgoblin skeleton (D:11)
  5 hobgoblin zombies (D:11)
  An orc skeleton (D:11)
  16 orc zombies (D:11)
  41 rats
359 creatures vanquished.

Vanquished Creatures (others)
  6 plants
6 creatures vanquished.

Grand Total: 365 creatures vanquished

Notes
Turn   | Place    | Note
-------+----------+-------------------------------------------
     0 | D:1      | Gelos the Kobold Brigand began the quest for the Orb.
     0 | D:1      | Reached XP level 1. HP: 12/12 MP: 1/1
   237 | D:1      | Reached XP level 2. HP: 17/17 MP: 2/2
   631 | D:2      | Reached XP level 3. HP: 21/21 MP: 3/3
   752 | D:2      | Found a faded altar of an unknown god.
   836 | D:2      | Noticed Terence
   840 | D:2      | Killed Terence
   841 | D:2      | Reached skill level 6 in Stealth
   841 | D:2      | Reached XP level 4. HP: 26/26 MP: 4/4
  1379 | D:3      | Reached XP level 5. HP: 16/30 MP: 5/5
  2285 | D:3      | Reached XP level 6. HP: 32/35 MP: 6/6
  2287 | D:3      | Reached skill level 5 in Short Blades
  2287 | D:3      | Reached skill level 7 in Stealth
  3003 | D:4      | Found an iron altar of Okawaru.
  3077 | D:4      | Found a staircase to the Ecumenical Temple.
  3080 | D:4      | Identified the +4 whip of the Jumping Puffin {elec, rPois
                  | MP-9 Str+6}
  3083 | Temple   | Entered the Ecumenical Temple
  3433 | Temple   | Became a worshipper of Gozag Ym Sagoz the Greedy
  3789 | D:4      | Reached XP level 7. HP: 40/40 MP: 7/7
  3957 | D:4      | Found a broken altar of Ashenzari.
  4055 | D:5      | Entered Level 5 of the Dungeon
  4114 | D:5      | Found an ancient bone altar of Kikubaaqudgha.
  4264 | D:5      | Reached skill level 5 in Dodging
  4264 | D:5      | Reached skill level 8 in Stealth
  4606 | D:5      | Found a glowing drain.
  4613 | Sewer    | Entered a sewer
  5212 | D:5      | Noticed Sigmund
  5216 | D:5      | Killed Sigmund
  5217 | D:5      | Reached XP level 8. HP: 43/44 MP: 8/8
  5233 | D:5      | Noticed Edmund
  5236 | D:5      | Killed Edmund
  5237 | D:5      | Reached skill level 9 in Stealth
  5968 | D:6      | Found a hide-covered altar of Uskayaw.
  6195 | D:5      | Bought a glowing dagger for 155 gold pieces
  6377 | D:6      | Reached skill level 10 in Stealth
  6377 | D:6      | Reached XP level 9. HP: 48/48 MP: 9/9
  6557 | D:6      | Found a stormy altar of Qazlal.
  6796 | D:7      | Found Icyfasm's Magic Scroll Shoppe.
  6801 | D:7      | Bought a scroll of identify for 30 gold pieces
  6801 | D:7      | Bought a scroll of teleportation for 45 gold pieces
  6801 | D:7      | Bought a scroll of identify for 30 gold pieces
  6801 | D:7      | Bought a scroll of identify for 30 gold pieces
  7111 | D:7      | Noticed a cyclops
  7136 | D:7      | Killed a cyclops
  7137 | D:7      | Reached skill level 11 in Stealth
  7570 | D:7      | Reached skill level 10 in Short Blades
  7637 | D:7      | Found a large runed translucent door.
  7638 | D:7      | Found a large runed translucent door.
  7854 | D:7      | Noticed Menkaure
  7856 | D:7      | Killed Menkaure
  8118 | D:7      | Found a shimmering altar of Xom.
  8126 | D:7      | Reached XP level 10. HP: 53/53 MP: 10/10
  8139 | D:7      | Found a white marble altar of Elyvilon.
  8214 | D:7      | Bought a scroll of teleportation for 45 gold pieces
  8214 | D:7      | Bought a scroll of blinking for 112 gold pieces
  8312 | D:8      | Found Waprar's Antique Weapon Boutique.
  8319 | D:8      | Reached skill level 12 in Stealth
  8340 | D:8      | Bought a glowing short sword for 138 gold pieces
  8386 | D:8      | Reached skill level 10 in Dodging
  8917 | D:8      | Found a bloodstained altar of Trog.
  9119 | D:9      | Reached skill level 13 in Stealth
  9602 | D:9      | Found a sparkling altar of Nemelex Xobeh.
  9639 | D:9      | Found a radiant altar of Vehumet.
  9739 | D:9      | Found a staircase to the Lair.
  9746 | D:9      | Noticed a two-headed ogre
  9749 | D:9      | Killed a two-headed ogre
  9750 | D:9      | Reached XP level 11. HP: 57/57 MP: 11/11
  9828 | D:9      | Found a snail-covered altar of Cheibriados.
 10034 | D:9      | Reached skill level 14 in Stealth
 10098 | D:9      | Found a glowing silver altar of Zin.
 10190 | D:9      | Noticed a red ugly thing
 10193 | D:9      | Killed a red ugly thing
 10197 | D:9      | Noticed a deep elf pyromancer
 10200 | D:9      | Killed a deep elf pyromancer
 10211 | D:9      | Noticed a centaur warrior
 10214 | D:9      | Killed a centaur warrior
 10218 | D:9      | Noticed a cyclops
 10220 | D:9      | Noticed a centaur warrior
 10221 | D:9      | Killed a cyclops
 10238 | D:9      | Killed a centaur warrior
 10250 | D:9      | Noticed a boulder beetle
 10253 | D:9      | Killed a boulder beetle
 10254 | D:9      | Reached skill level 15 in Stealth
 10257 | D:9      | Noticed a centaur warrior
 10270 | D:9      | Killed a centaur warrior
 10513 | D:9      | Identified the +8 chain mail of Udadutz {Rampage rC++}
 10579 | D:9      | Noticed Prince Ribbit
 10585 | D:9      | Killed Prince Ribbit
 11010 | D:10     | Entered Level 10 of the Dungeon
 11038 | D:10     | Reached XP level 12. HP: 61/62 MP: 12/12
 11574 | D:10     | Found a sacrificial altar of Ru.
 11698 | D:10     | Noticed Psyche
 11707 | D:10     | Killed Psyche
 11806 | D:10     | Noticed a seven-headed hydra
 11810 | D:10     | Killed a seven-headed hydra
 11811 | D:10     | Reached skill level 16 in Stealth
 12171 | D:11     | Found a staircase to the Orcish Mines.
 12767 | D:11     | Found Qema's Jewellery Shop.
 12949 | D:11     | Identified the +0 leather armour of the Comet {rF+}
 13192 | D:11     | Reached skill level 17 in Stealth
 13416 | D:11     | Noticed a boulder beetle
 13421 | D:11     | Killed a boulder beetle
 13709 | D:11     | Noticed an eight-headed hydra
 13986 | D:10     | Bought a +1 pair of boots of stealth for 181 gold pieces
 13986 | D:10     | Bought the +1 robe "Texisan" {rC+ Will+++ Int-4 SInv} for
                  | 293 gold pieces
 14169 | D:11     | Killed an eight-headed hydra
 14764 | D:12     | Noticed a seven-headed hydra
 14778 | D:12     | Noticed a seven-headed hydra
 14784 | D:12     | Killed a seven-headed hydra
 14798 | D:12     | Killed a seven-headed hydra
 14799 | D:12     | Reached skill level 18 in Stealth
 14799 | D:12     | Reached XP level 13. HP: 38/66 MP: 13/13
 14842 | D:12     | Reached skill level 15 in Dodging
 14912 | D:12     | Slain by a red ugly thing

Illustrated notes

Levels and vault maps discovered:
D:1:      minmay_arrival_semitransparent, layout_rooms, chequers_garden,
          hangedman_decor_clover_reticule, minmay_bisected
D:2:      layout_rooms, hellmonk_ecumenical_altar_arch_garden, uniq_terence
D:3:      layout_basic, grunt_ministairs_15
D:4:      layout_loops_ring, okawaru_gym_becter, kennysheep_little_box,
          minmay_temple_entry_mini_moons, minmay_fractal_squares_gapless_5
D:5:      lemuel_ratsnest, layout_loops_ring, kiku_gazebo_pond_becter,
          portal_sewer_entry_b, sigmund_edmund_badplayer
D:6:      layout_rooms, mainiacjoe_overflow_cross_hatched,
          mainiacjoe_overflow_concentric_impassable
D:7:      layout_basic, jmf_multi_god_temple2, serial_shops, shop_statue,
          minmay_tree_intersection, uniq_menkaure
D:8:      layout_gridville, trog_butcher_becter, serial_shops,
          nicolae_shop_trees, minmay_misc_feat_rugged
D:9:      layout_basic, zin_treasury, lemuel_doored_altar,
          kennysheep_slug_shrine, nemelex_spade_bored_becter, dpeg_oklobed_lair,
          serial_bayou_lagoon_a, minmay_evil_grid, uniq_prince_ribbit1
D:10:     layout_irregular_city, amcnicky_altar_gilded,
          kennysheep_generic_room_14, uniq_psyche
D:11:     layout_basic, zombieorc2_lemuel, minmay_shop_enchanted_jewellery,
          minmay_orc_keep
D:12:     layout_gridville, serial_shops, kennysheep_mini, minmay_pinched_square
Temple:   compressed_dpeg_triangle_lava_temple

Skill      XL: |  1  2  3  4  5  6  7  8  9 10 11 12 13 |
---------------+----------------------------------------+-----
Short Blades   | 3 4 5 7 8 10 12 13 14 | 14.0
Dodging        | 2 3 4 6 7 9 11 12 14 15 | 15.3
Stealth        | 6 7 8 10 11 13 15 18 | 18.5
Fighting       | |  2.1
Throwing       | |  2.1

Action                   |  1- 3 |  4- 6 |  7- 9 | 10-12 | 13-15 || total
-------------------------+-------+-------+-------+-------+-------++-------
Melee: Dagger            |    56 |   106 |   370 |   166 |       ||   698
       Punch             |     1 |       |     4 |     9 |     2 ||    16
       Short sword       |       |     2 |       |   442 |    86 ||   530
Invok: Call Merchant     |       |       |     1 |     1 |       ||     2
Evoke: Wand              |       |       |       |     1 |       ||     1
  Use: Potion            |       |     3 |     1 |     3 |       ||     7
       Scroll            |       |       |     7 |     6 |       ||    13
 Stab: Sleeping          |    16 |    17 |    44 |    41 |       ||   118
       Distracted        |       |     1 |     7 |    16 |     2 ||    26
Armor: Leather armour    |     3 |    11 |    34 |    33 |       ||    81
       Robe              |       |       |       |     6 |     3 ||     9
Dodge: Dodged            |    28 |    77 |   205 |   357 |    25 ||   692
       Repelled          |       |       |       |     2 |       ||     2
Block: Other             |       |       |       |    72 |     6 ||    78

Table legend: (Time is in decaauts)
 A = Elapsed time spent in this place.
 B = Non-inter-level travel time spent in this place.
 C = Inter-level travel time spent in this place.
 D = Time resting spent in this place.
 E = Time spent auto-exploring this place.
 F = Levels seen in this place.
 G = Mean time per level.
                   A        B        C        D        E       F      G
               +--------+--------+--------+--------+--------+-----+--------+
         Total |  14398 |  13626 |    772 |   1981 |   9087 |  14 | 1028.4 |
       Dungeon |  13501 |  12752 |    749 |   1981 |   8440 |  12 | 1125.1 |
        Temple |    354 |    331 |     23 |      0 |    283 |   1 |  354.0 |
         Sewer |    542 |    542 |      0 |      0 |    363 |   1 |  542.0 |
               +--------+--------+--------+--------+--------+-----+--------+

Top non-repeatable levels by time:
    D:11: 2138 daAuts
     D:9: 1573 daAuts
     D:7: 1496 daAuts
     D:5: 1449 daAuts
    D:10: 1287 daAuts
     D:3: 1255 daAuts
     D:4: 1121 daAuts
     D:8: 885 daAuts
     D:6: 794 daAuts
     D:2: 664 daAuts
     D:1: 621 daAuts
   Sewer: 542 daAuts
  Temple: 354 daAuts
    D:12: 214 daAuts
